 Dungeon Crawl Stone Soup version 0.30-a0-777-ga9a30cbeda (webtiles) character file.

Game seed: 7513883269429987740

137 Zenkrye the Firebug (level 5, 0/41 HPs)
             Began as a Human Cinder Acolyte on Feb 13, 2023.
             Was a High Priest of Ignis.
             Killed by divine providence
             ... invoked by an orc priest
              (14 damage)
             ... on level 3 of the Dungeon.
             The game lasted 00:06:01 (2871 turns).

Zenkrye the Firebug (Human Cinder Acolyte)          Turns: 2871, Time: 00:06:01

Health: 0/41       AC:  7    Str: 16    XL:     5   Next: 43%
Magic:  0/8        EV:  9    Int: 15    God:    Ignis [*****.]
Gold:   121        SH:  0    Dex:  8    Spells: 6/8 levels left

rFire   + . .      SeeInvis .    a - -1 spear (flame)
rCold   . . .      Faith    .    (no shield)
rNeg    . . .      Spirit   .    m - +0 scale mail
rPois   .          Reflect  .    (no helmet)
rElec   .          Harm     .    k - +0 cloak
rCorr   .          Rampage  .    (no gloves)
Will    .....                    (no boots) Stlth
                                 (no amulet)
HPRegen 0.26/turn                (no ring)
MPRegen 0.11/turn                (no ring)

@: very slightly contaminated
A: no striking features
a: Renounce Religion, Fiery Armour, Foxfire Swarm, Rising Flame


You were on level 3 of the Dungeon.
You worshipped Ignis.
Ignis was extremely pleased with you.
You visited 1 branch of the dungeon, and saw 3 of its levels.

You collected 121 gold pieces.

Inventory:

Hand Weapons
 a - a -1 spear of flaming (weapon)
 g - a +2 short sword of electrocution
Armour
 b - a +0 robe
 e - a +0 ring mail
 k - a +0 cloak (worn)
 m - a +0 scale mail (worn)
Scrolls
 c - a scroll of enchant armour {unknown}
 i - a scroll of amnesia
 j - a scroll of blinking {@r4}
 n - 2 scrolls of teleportation {@r3}
 r - a scroll of fog {unknown}
 s - a scroll of poison {unknown}
Potions
 d - a potion of haste {@q3}
 f - a potion of resistance {@q6}
 h - a potion of invisibility
 l - 2 potions of heal wounds {@q2}
 o - a potion of attraction {unknown}
 p - a potion of magic {unknown}
 q - a potion of lignification {unknown}


   Skills:
 - Level 3.0 Fighting
 + Level 4.2 Polearms
 + Level 2.1 Spellcasting
 + Level 4.2 Fire Magic


You had 6 spell levels left.
You knew the following spells:

 Your Spells              Type           Power      Damage    Failure   Level
a - Scorch                Fire           28%        2d6       22%         2

Your spell library contained the following spells:

 Spells                   Type           Power      Damage    Failure   Level
 Inner Flame              Hex/Fire       8%         N/A       71%         3
 Flame Wave               Conj/Fire      8%         2d5       98%         4
 Sticky Flame             Conj/Fire      8%         2d3       98%         4


Dungeon Overview and Level Annotations

Branches:
Dungeon (3/15)

Altars:


Message History

Beogh smites you!
You are too injured to fight recklessly!
You are too injured to fight recklessly!
You are too injured to fight recklessly!
Casting: Scorch (safe; 22% risk of failure)
Confirm with . or Enter, or press ? or * to list all spells.
Flames lash the orc.
The orc is severely wounded.
The orc's fire resistance burns away.
The orc priest hits you but does no damage.
Okay, then.
Unknown command.
Casting: Scorch (safe; 22% risk of failure)
Confirm with . or Enter, or press ? or * to list all spells.
Flames lash the orc.
The orc is burned terribly!
You kill the orc!
The orc priest barely misses you.
Casting: Scorch (safe; 22% risk of failure)
Confirm with . or Enter, or press ? or * to list all spells.
You miscast Scorch.
You are very lightly contaminated with residual magic.
Nothing appears to happen.
The orc priest looks encouraged for a moment.
Unknown command.
Casting: Scorch (safe; 22% risk of failure)
Confirm with . or Enter, or press ? or * to list all spells.
Flames lash the orc priest but do no damage.
The orc priest hits you with a +0 dagger.
Unknown command.
You hit the orc priest. You burn the orc priest.
The orc priest is moderately wounded.
The orc priest hits you but does no damage.
You hit the orc priest but do no damage.
The orc priest is moderately wounded.
The orc priest hits you with a +0 dagger.
You hit the orc priest but do no damage.
The orc priest is moderately wounded.
The orc priest calls down the wrath of Beogh upon you.
Beogh smites you!
You die...

###### #....# ..##.#
#.##.############
#.##.............
#########..#########.#
................@o{).#
......###..############ #####
......# #..########...## ##...#
......# #.......##.....#####.....
......###.......##.......))......
.................#.....#####.....
...####..........##...##...##...#
......+.......##.###.##.....##.##
##.####.....#.##.###.#.......#.#


You could see an orc priest.

Vanquished Creatures
  6 adders
  2 worms (D:2)
  3 dart slugs
  4 orcs (D:3)
  6 bats
  6 endoplasms
  A giant cockroach (D:1)
  5 goblins
  4 hobgoblins
  4 jackals (D:3)
  5 kobolds
  4 quokkas
  6 ball pythons
  3 frilled lizards
  7 rats
66 creatures vanquished.

Notes
Turn   | Place    | Note
-------+----------+-------------------------------------------
     0 | D:1      | Zenkrye the Human Cinder Acolyte began the quest for the
                  | Orb.
     0 | D:1      | Reached XP level 1. HP: 18/18 MP: 2/2
   278 | D:1      | Reached XP level 2. HP: 16/24 MP: 3/3
   281 | D:1      | Learned a level 2 spell: Scorch
   521 | D:1      | Found a faded altar of an unknown god.
   740 | D:1      | Reached XP level 3. HP: 29/29 MP: 4/4
  1597 | D:2      | Reached XP level 4. HP: 35/35 MP: 4/6
  2398 | D:3      | Found a faded altar of an unknown god.
  2491 | D:3      | Reached XP level 5. HP: 41/41 MP: 4/7
  2871 | D:3      | Killed from afar by an orc priest

Illustrated notes

Levels and vault maps discovered:
D:1:      spicycebolla_arrival_xxxplode, layout_loops_corners,
          basic_ecumenical_altar
D:2:      layout_loops_ring, minmay_unequal
D:3:      minmay_octagon_keep, layout_basic, nicolae_overflow_ecumenical_swirl

Skill      XL: |  1  2  3  4  5 |
---------------+----------------+-----
Polearms       | 4 |  4.2
Fire Magic     | 4 |  4.2
Spellcasting   | 2 |  2.1
Fighting       | |  3.0

Action                     |  1- 3 |  4- 6 || total
---------------------------+-------+-------++-------
  Melee: Spear             |    39 |   141 ||   180
         Short sword       |    87 |       ||    87
   Cast: Scorch            |       |    12 ||    12
    Use: Scroll            |     4 |     4 ||     8
 Armour: Ring mail         |    47 |       ||    47
         Scale mail        |     3 |    51 ||    54
  Dodge: Dodged            |    70 |    50 ||   120

Table legend: (Time is in decaauts)
 A = Elapsed time spent in this place.
 B = Non-inter-level travel time spent in this place.
 C = Inter-level travel time spent in this place.
 D = Time resting spent in this place.
 E = Time spent auto-exploring this place.
 F = Levels seen in this place.
 G = Mean time per level.
                   A        B        C        D        E       F      G
               +--------+--------+--------+--------+--------+-----+--------+
         Total |   2854 |   2802 |     52 |      3 |   2263 |   3 |  951.3 |
       Dungeon |   2854 |   2802 |     52 |      3 |   2263 |   3 |  951.3 |
               +--------+--------+--------+--------+--------+-----+--------+

Top non-repeatable levels by time:
     D:1: 1077 daAuts
     D:3: 1059 daAuts
     D:2: 717 daAuts
